AoeStats
← CazadorGT

African Clearing

510606403Analyzed
2v2 RM · 12h ago on Oct 1, 2026· 51m 48s· 4 players
Game mode
Random Map
Map size
Medium (4 player)
Population
200
Speed
Normal
Resources
Standard
Victory
Conquest
Starting age
Dark Age
Ending age
Imperial Age
RankedLock teamsTeams togetherTeam positionsShared explorationLock speedFull tech treeHidden civsTurbo modeCheats
Victory
Defeat
🇺🇸 Mongols · United States
1023
+17
🇺🇸 Magyars · United States
1021
+17
🇬🇹 Huns · Guatemala
1152
-22
🇦🇷 Cumans · Argentina
916
-12
GJBrannock
10:01 Loom
20:34 Feudal Age
24:36 Double-Bit Axe
30:38 Castle Age
30:16 Bloodlines
32:58 Fletching
33:04 Town Watch
33:51 Bow Saw
33:25 Horse Collar
33:52 Bodkin Arrow
35:24 Corvinian Army
38:11 Heavy Plow
38:48 Husbandry
39:56 Stone Mining
46:02 Imperial Age
45:24 Masonry
45:12 Murder Holes
46:16 Scale Barding Armor
49:30 Conscription
50:57 Wheelbarrow
50:23 Town Patrol
The Gobbler
5:32 Loom
8:26 Loom
12:26 Feudal Age
17:32 Wheelbarrow
17:28 Bloodlines
18:51 Double-Bit Axe
21:01 Fletching
23:50 Forging
25:24 Padded Archer Armor
29:07 Castle Age
27:53 Horse Collar
29:44 Bodkin Arrow
30:11 Hand Cart
30:37 Leather Archer Armor
30:40 Husbandry
31:52 Town Watch
32:23 Bow Saw
32:41 Heavy Plow
41:11 Elite Skirmisher
46:03 Town Patrol
50:07 Ballistics
49:58 Murder Holes
54:22 Imperial Age
CazadorGT
3:43 Loom
19:26 Feudal Age
21:08 Double-Bit Axe
23:29 Fletching
26:07 Padded Archer Armor
33:05 Castle Age
33:43 Bodkin Arrow
33:12 Crossbowman
35:46 Leather Archer Armor
37:06 Husbandry
38:26 Town Watch
43:08 Light Cavalry
48:37 Ballistics
COSTAMDP
14:01 Loom
16:59 Feudal Age
17:21 Man-at-Arms
19:42 Forging
20:20 Bloodlines
22:31 Scale Barding Armor
25:25 Double-Bit Axe
33:09 Castle Age
33:30 Pikeman
34:21 Squires
39:33 Iron Casting
41:29 Elite Skirmisher
44:37 Capped Ram
47:24 Chain Barding Armor
Connection lost

Rejoining the realm…

Still unreachable

The connection could not be restored.

Session expired

The server has moved on; the page needs a fresh start.